 Dungeon Crawl Stone Soup version 0.29.1-2-gbd0b4ee654 (webtiles) character file.

Game seed: 2485848679889757238

2757 qeuew the Trooper (level 9, -4/47 HPs)
             Began as a Vine Stalker Fighter on Nov 8, 2022.
             Was an Initiate of Gozag.
             Killed by nerve-wracking pain
             ... invoked by an orc priest
              (7 damage)
             ... on level 7 of the Dungeon.
             The game lasted 00:08:38 (5790 turns).

qeuew the Trooper (Vine Stalker Fighter)            Turns: 5790, Time: 00:08:41

Health: -4/47      AC: 11    Str: 22    XL:     9   Next: 69%
Magic:  0/17       EV: 13    Int:  8    God:    Gozag
Gold:   492        SH:  7    Dex: 28    Spells: 18/18 levels left

rFire   + . .      SeeInvis .   a - +0 war axe
rCold   + + .      Faith    .   c - +0 buckler
rNeg    . . .      Spirit   +   b - +1 scale mail
rPois   .          Reflect  .   (no helmet)
rElec   .          Harm     .   f - scarf {rC+ rF+}
rCorr   .          Rampage  .   e - +2 pair of gloves of Theory {*Corrode Dex+7}
Will    +....                   (no boots)
Stlth   +.........              (no amulet)
HPRegen 0.95/turn               j - ring of protection from cold
MPRegen 0.15/turn               r - +6 ring of dexterity

@: about to teleport, gold aura
A: fangs 3, regeneration 1, magic shield, antimagic bite, no potion heal 2,
hooves 1, deterioration 1
a: Renounce Religion, Potion Petition, Call Merchant, Bribe Branch


You were on level 7 of the Dungeon.
You worshipped Gozag.
Gozag was aware of your devotion.
You visited 2 branches of the dungeon, and saw 8 of its levels.

You collected 870 gold pieces.
You spent 297 gold pieces at shops.
You paid 81 gold pieces to Gozag.

Inventory:

Hand Weapons
 a - a +0 war axe (weapon)
Armour
 b - a +1 scale mail (worn)
 c - a +0 buckler (worn)
 e - the +2 pair of gloves of Theory (worn) {*Corrode Dex+7}
   (You bought it in a shop on level 1 of the Dungeon)

   Dex:       It affects your dexterity (+7).
   *Corrode:  It may corrode you when you take damage.
 f - a scarf of resistance (worn)
Jewellery
 j - a ring of protection from cold (left hand)
 r - a +6 ring of dexterity (right hand)
Wands
 s - a wand of digging (5)
 t - a wand of flame (5)
Scrolls
 h - 5 scrolls of identify
 k - a scroll of magic mapping
 n - a scroll of fog
 q - a scroll of brand weapon
 u - a scroll of enchant weapon {unknown}
Potions
 d - a potion of might
 g - a potion of magic
 i - a potion of brilliance
 m - 3 potions of curing
 o - 2 potions of haste
 p - a potion of flight


   Skills:
 + Level 5.5 Fighting
 + Level 5.0 Axes
 + Level 5.1 Armour
 + Level 4.2 Dodging
 + Level 5.5 Shields
 + Level 5.0 Spellcasting


You had 18 spell levels left.
You didn't know any spells.
Your spell library contained the following spells:

 Spells                   Type           Power      Damage    Failure   Level
 Stone Arrow              Conj/Erth      4%         3d7       94%         3
 Animate Armour           Summ/Erth      4%         N/A       100%        4
 Lehudib's Crystal Spear  Conj/Erth      1%         10d2      100%        8


Dungeon Overview and Level Annotations

Branches:
Dungeon (7/15)             Temple (1/1) D:6

Altars:
Ashenzari
Cheibriados
Dithmenos
Elyvilon
Fedhas
Gozag
Hepliaklqana
Kikubaaqudgha
Makhleb
Nemelex Xobeh
Okawaru
Qazlal
Ru
Sif Muna
Trog
Uskayaw
Vehumet
Wu Jian
Xom
Yredelemnul
Zin
The Shining One

Shops:
D:1 ([*:   D:3 *   D:7 (


Innate Abilities, Weirdness & Mutations

You have razor-sharp teeth.
Your natural rate of healing is unusually fast.
When hurt, damage is shared between your health and your magic reserves.
Your bite disrupts and absorbs the magic of your enemies.
Potions cannot restore your health.
You have large cloven feet.
Your body sometimes deteriorates upon taking damage.


Message History

The orc warrior is severely wounded.
You hit the orc warrior but do no damage.
The orc priest calls down the wrath of Beogh upon you.
Beogh smites you! You block the orc warrior's attack.
The orc warrior hits you but does no damage.
You hit the orc warrior.
You kick the orc warrior, but do no damage.
You bite the orc warrior, but do no damage.
The orc warrior is severely wounded.
You hit the orc warrior.
The orc is no longer distracted by gold.
The orc warrior hits you with a +0 mace! x2
The orc hits you but does no damage.
You hit the orc warrior but do no damage.
You bite the orc warrior, but do no damage.
The orc warrior is severely wounded.
You hit the orc warrior but do no damage.
The orc priest is no longer distracted by gold.
The orc priest mumbles some strange prayers to Beogh against you.
Beogh smites you!
* * * LOW HITPOINT WARNING * * *
You block the orc warrior's attack. The orc warrior closely misses you.
The orc barely misses you. The orc hits you but does no damage.
The orc warrior hits you with a +0 mace.
* * * LOW HITPOINT WARNING * * *
The orc warrior hits you but does no damage.
As you read the scroll of teleportation, it crumbles to dust.
You feel strangely unstable. The orc priest misses you.
The orc hits you but does no damage.
The orc warrior hits you with a +0 mace!
* * * LOW HITPOINT WARNING * * *
The orc warrior misses you.
The orc priest attacks as you move away!
The orc priest hits you with a +0 club.
* * * LOW HITPOINT WARNING * * *
The orc warrior misses you.
The orc priest invokes the aid of Beogh against you.
Pain shoots through your body!
You die...
Your body crumbles into a pile of gold.

###### #########
.....#
#......o#######
..<..#
#.....@.ooo....
.....#
#......o#o.....
.....# #.......#
.....
.....######.......#
....
..................#
...
..................#
.>
.............)....#
.
..................#
..................#


You could see 2 orc warriors, 2 orc priests and 2 orcs.

Vanquished Creatures
  Pikel (D:6)
  A steam dragon (D:7)
  A water moccasin (D:6)
  2 orc warriors (D:7)
  3 sky beasts (D:7)
  5 ogres
  A centaur (D:7)
  A lemure (D:6)
  2 phantoms (D:5)
  3 bullfrogs
  A necrophage (D:6)
  2 scorpions
  3 hounds
  An orc priest (D:4)
  A jelly (D:5)
  4 iguanas
  3 orc wizards
  12 adders
  2 white imps
  2 worms (D:4)
  A dart slug (D:3)
  17 orcs
  7 ball pythons
  6 bats
  10 endoplasms
  2 giant cockroaches
  8 hobgoblins
  5 jackals
  2 quokkas
  4 frilled lizards
  15 goblins
  7 kobolds
  5 rats
140 creatures vanquished.

Notes
Turn   | Place    | Note
-------+----------+-------------------------------------------
     0 | D:1      | qeuew the Vine Stalker Fighter began the quest for the Orb.
     0 | D:1      | Reached XP level 1. HP: 11/11 MP: 2/2
     1 | D:1      | Found Ukkoer's Antique Armour Shop.
    18 | D:1      | Found Wilid's Assorted Antiques.
    84 | D:1      | Found Xogig's Weapon Emporium.
   207 | D:1      | Reached XP level 2. HP: 7/16 MP: 3/3
   715 | D:1      | Found Zabim's Book Emporium.
   722 | D:1      | Reached XP level 3. HP: 15/19 MP: 3/5
  1010 | D:1      | Identified a scroll of acquirement
  1010 | D:1      | Acquired 434 gold pieces
  1038 | D:1      | Bought a pair of transparent gloves for 161 gold pieces
  1038 | D:1      | Identified the +2 pair of gloves of Theory {*Corrode Dex+7}
                  | (You bought it in a shop on level 1 of the Dungeon)
  1038 | D:1      | Bought an embroidered scarf for 136 gold pieces
  1455 | D:2      | Reached skill level 1 in Spellcasting
  2040 | D:2      | Gained mutation: You have hidden genetic potential. [potion
                  | of mutation]
  2150 | D:3      | Gained mutation: Your natural rate of healing is unusually
                  | fast. [Vine Stalker growth]
  2150 | D:3      | Reached XP level 4. HP: 24/24 MP: 6/6
  2228 | D:3      | Reached skill level 1 in Dodging
  2264 | D:3      | Gained mutation: Your muscles are strong. (Str +4, Int/Dex
                  | -1) [hidden potential]
  2301 | D:3      | Found an iron altar of Okawaru.
  2323 | D:3      | Found an ornate altar of the Wu Jian Council.
  2326 | D:3      | Found a glowing golden altar of the Shining One.
  2326 | D:3      | Found a sacrificial altar of Ru.
  2333 | D:3      | Found a glowing silver altar of Zin.
  2444 | D:3      | Found Plog's General Store.
  2543 | D:3      | Reached XP level 5. HP: 28/28 MP: 8/8
  2642 | D:3      | Found a faded altar of an unknown god.
  3011 | D:4      | Gained mutation: Your system is resistant to poisons.
                  | (rPois) [hidden potential]
  3011 | D:4      | Lost mutation: You have hidden genetic potential. [hidden
                  | potential expressed]
  3037 | D:4      | Lost mutation: Your muscles are strong. (Str +4, Int/Dex
                  | -1) [potion of mutation]
  3037 | D:4      | Lost mutation: Your system is resistant to poisons. (rPois)
                  | [potion of mutation]
  3037 | D:4      | Gained mutation: You have hidden genetic defects. [potion
                  | of mutation]
  3037 | D:4      | Gained mutation: You are resistant to electric shocks.
                  | (rElec) [potion of mutation]
  3038 | D:4      | Lost mutation: You have hidden genetic defects. [potion of
                  | mutation]
  3038 | D:4      | Lost mutation: You are resistant to electric shocks.
                  | (rElec) [potion of mutation]
  3038 | D:4      | Gained mutation: You occasionally lose the ability to read
                  | scrolls when taking damage. [potion of mutation]
  3038 | D:4      | Gained mutation: You possess an exceptional clarity of
                  | mind. [potion of mutation]
  3039 | D:4      | Lost mutation: You possess an exceptional clarity of mind.
                  | [potion of mutation]
  3039 | D:4      | Lost mutation: You occasionally lose the ability to read
                  | scrolls when taking damage. [potion of mutation]
  3039 | D:4      | Gained mutation: You are weak. (Str -2) [potion of
                  | mutation]
  3039 | D:4      | Gained mutation: Armour fits poorly on your strangely
                  | shaped body. [potion of mutation]
  3039 | D:4      | Gained mutation: You are partially covered in iridescent
                  | scales. (AC +2) [potion of mutation]
  3187 | D:4      | Reached XP level 6. HP: 32/32 MP: 10/10
  3424 | D:4      | Reached XP level 7. HP: 33/37 MP: 8/11
  3646 | D:5      | Entered Level 5 of the Dungeon
  3948 | D:5      | Gained mutation: You have razor-sharp teeth. [Vine Stalker
                  | growth]
  3948 | D:5      | Reached XP level 8. HP: 42/42 MP: 10/14
  4162 | D:5      | Found a hazy altar of Hepliaklqana.
  4221 | D:5      | Lost mutation: You are weak. (Str -2) [potion of mutation]
  4221 | D:5      | Lost mutation: You are partially covered in iridescent
                  | scales. (AC +2) [potion of mutation]
  4221 | D:5      | Lost mutation: Armour fits poorly on your strangely shaped
                  | body. [potion of mutation]
  4221 | D:5      | Gained mutation: You have large cloven feet. [potion of
                  | mutation]
  4221 | D:5      | Gained mutation: Your body sometimes deteriorates upon
                  | taking damage. [potion of mutation]
  4601 | D:6      | Noticed Pikel
  4615 | D:6      | Killed Pikel
  4616 | D:6      | Reached skill level 5 in Fighting
  4616 | D:6      | Reached skill level 5 in Shields
  4616 | D:6      | Reached XP level 9. HP: 16/47 MP: 5/16
  4900 | D:6      | Found a staircase to the Ecumenical Temple.
  5132 | Temple   | Entered the Ecumenical Temple
  5199 | Temple   | Became a worshipper of Gozag Ym Sagoz the Greedy
  5430 | D:7      | Reached skill level 5 in Armour
  5448 | D:7      | Found Iwimutha's Weapon Shoppe.
  5473 | D:7      | Reached skill level 5 in Axes
  5473 | D:7      | Reached skill level 5 in Spellcasting
  5790 | D:7      | HP: 2/47 [orc priest/+0 club (1)]
  5790 | D:7      | Killed from afar by an orc priest

Illustrated notes

Levels and vault maps discovered:
D:1:      dpeg_arrival_arbitrary_b, layout_basic, serial_shops, shop_fountains,
          nicolae_shop_trees, nicolae_shop_advertising_works
          [nicolae_subvault_shop_adworks], shop_fountains
D:2:      layout_basic
D:3:      layout_loops_ring, nicolae_overflow_hallway_of_the_gods, serial_shops,
          shop, hellmonk_ecumenical_altar_prayer_group
D:4:      layout_basic, minmay_ogre_servants
D:5:      layout_rooms, mainiacjoe_overflow_alcove_2, kennysheep_small_square
D:6:      layout_gridville, temple_statues, uniq_pikel
D:7:      layout_gridville, serial_shops, nicolae_shop_hallway_stairs
Temple:   compressed_dpeg_triangle_lava_temple

Skill      XL: |  1  2  3  4  5  6  7  8  9 |
---------------+----------------------------+-----
Axes           | 2 3 4 5 |  5.0
Spellcasting   | 1 2 3 4 5 |  5.0
Fighting       | 3 4 5 |  5.5
Shields        | 3 4 5 |  5.5
Dodging        | 1 2 3 4 |  4.2
Armour         | 3 4 5 |  5.1

Action                   |  1- 3 |  4- 6 |  7- 9 || total
-------------------------+-------+-------+-------++-------
Melee: War axe           |    84 |   119 |   181 ||   384
       Bite              |    21 |    28 |    70 ||   119
       Kick              |       |       |    39 ||    39
  Use: Scroll            |     6 |     3 |     3 ||    12
       Potion            |     4 |     3 |     4 ||    11
 Stab: Distracted        |       |       |     1 ||     1
Armor: Scale mail        |    38 |    48 |   104 ||   190
Dodge: Dodged            |    31 |    59 |    92 ||   182
Block: Buckler           |    24 |    34 |    72 ||   130
